 Dungeon Crawl Stone Soup version 0.29-a0-323-g050149af67 (webtiles) character file.

Game seed: 1935457159933235027

221 Morbidden the Ducker (level 5, 0/48 HPs)
             Began as a Troll Air Elementalist on Apr 10, 2022.
             Was an Initiate of Vehumet.
             Succumbed to a water moccasin's poison
             ... on level 3 of the Dungeon.
             The game lasted 00:03:17 (3256 turns).

Morbidden the Ducker (Troll Air Elementalist)       Turns: 3256, Time: 00:03:18

Health: 0/48       AC:  4    Str: 16    XL:     5   Next: 65%
Magic:  1/6        EV: 10    Int: 13    God:    Vehumet [......]
Gold:   151        SH:  0    Dex: 10    Spells: 4/7 levels left

rFire   . . .      SeeInvis .     - Unarmed
rCold   . . .      Faith    .   (no shield)
rNeg    . . .      Spirit   .   a - +0 robe
rPois   .          Reflect  .   o - +0 hat
rElec   .          Harm     .   (no cloak)
rCorr   .          Rampage  .   (gloves unavailable)
Will    .....                   (boots unavailable)
Stlth   +.........              (no amulet)
HPRegen 0.96/turn               (no ring)
MPRegen 0.10/turn               (no ring)

@: lethally poisoned (0 -> -21), attractive
A: large, unfitting armour, claws 3, regeneration 1, shaggy fur 1, tough skin 1
a: Renounce Religion


You were on level 3 of the Dungeon.
You worshipped Vehumet.
Vehumet was noncommittal.
You visited 1 branch of the dungeon, and saw 3 of its levels.

You collected 151 gold pieces.

Inventory:

Armour
 a - a +0 robe (worn)
 o - a +0 hat (worn)
Scrolls
 d - 6 scrolls of fog {unknown}
 h - a scroll of immolation {unknown}
 m - 2 scrolls of identify {unknown}
 n - a scroll of blinking {unknown}
 p - a scroll of magic mapping {unknown}
 q - a scroll of fear {unknown}
Potions
 b - a potion of magic
 c - a potion of attraction
 e - a potion of invisibility {unknown}
 f - a potion of degeneration {unknown}
 g - a potion of mutation {unknown}
 i - a potion of brilliance {unknown}
 j - a potion of might {unknown}
 k - a potion of haste {unknown}
 l - a potion of heal wounds {unknown}


   Skills:
 * Level 1.1 Fighting
 * Level 2.5 Dodging
 + Level 1.2 Stealth
 * Level 2.2 Unarmed Combat
 * Level 1.8 Spellcasting
 * Level 1.5 Conjurations
 * Level 2.5 Air Magic


You had 4 spell levels left.
You knew the following spells:

 Your Spells              Type           Power      Damage    Failure   Level
a - Shock                 Conj/Air       24%        1d4       12%         1
b - Static Discharge      Conj/Air       6%         N/A       17%         2

Your spell library contained the following spells:

 Spells                   Type           Power      Damage    Failure   Level
 Swiftness                Air            7%         N/A       26%         3
 Airstrike                Air            3%         N/A       65%         4


Dungeon Overview and Level Annotations

Branches:
Dungeon (3/15)

Altars:
Okawaru
Vehumet

Shops:
D:2 *   D:3 :


Innate Abilities, Weirdness & Mutations

You are too large for most types of armour.
You have claws for hands.
Your natural rate of healing is unusually fast.
You are covered in fur. (AC +1)
You have tough skin. (AC +1)


Message History

The water moccasin barely misses you.
You barely miss the water moccasin.
The water moccasin is lightly wounded.
The water moccasin bites you but does no damage.
The water moccasin bites you.
You are poisoned.
The water moccasin poisons you!
You closely miss the water moccasin.
The water moccasin is lightly wounded.
You feel very sick. The water moccasin bites you!
You are more poisoned.
The water moccasin poisons you!
You claw the water moccasin!
The water moccasin is heavily wounded.
You feel very sick.
The water moccasin bites you but does no damage.
You scratch the water moccasin. Your claw misses the water moccasin.
The water moccasin is heavily wounded.
You feel very sick. The water moccasin bites you! The water moccasin bites you.
* * * LOW HITPOINT WARNING * * *
You are too injured to fight recklessly!
You are too injured to fight recklessly!
Casting: Shock (safe; 12% risk of failure)
Confirm with . or Enter, or press ? or * to list all spells.
Aiming: Shock (safe; 12% risk of failure)
Press: ? - help, Shift-Dir - straight line, f/p - water moccasin
Aim: a water moccasin (heavily wounded, 43% to hit)
The zap misses the water moccasin.
You feel very sick. The water moccasin bites you.
* * * LOW HITPOINT WARNING * * *
You are more poisoned.
The water moccasin poisons you!
Your magical contamination has completely faded away.
Unknown command.
It was a potion of attraction.
You feel attractive to monsters.
You die...

.......## ..##### ........#
# ......# ## ....†# +# #.
#...# ... ## #..### †... ##
#.##.## ..... ##.
#.#...####...... ####..
#.......@S...... +.....
#.#...####...... ####..
#.##.## ..... #.... #..###
.... #.### ##.# ... #.##.
#.# #+# #.##. #.# #.# #.##.
#####.###########.######....
#.........#...........#####(


You could see a water moccasin.

Vanquished Creatures
  A sky beast (D:3)
  An orc wizard (D:3)
  4 adders
  A dart slug (D:3)
  5 orcs (D:3)
  7 ball pythons
  7 endoplasms
  4 giant cockroaches
  3 goblins
  6 hobgoblins
  2 jackals (D:2)
  4 quokkas
  4 bats
  4 frilled lizards
  5 kobolds
  3 rats
61 creatures vanquished.

Notes
Turn   | Place    | Note
-------+----------+-------------------------------------------
     0 | D:1      | Morbidden the Troll Air Elementalist began the quest for
                  | the Orb.
     0 | D:1      | Reached XP level 1. HP: 16/16 MP: 1/1
   145 | D:1      | Reached XP level 2. HP: 21/24 MP: 3/3
   240 | D:1      | Learned a level 2 spell: Static Discharge
   268 | D:1      | Found a faded altar of an unknown god.
   785 | D:2      | Reached XP level 3. HP: 9/31 MP: 0/4
   933 | D:2      | Found Naochil's General Store.
  1204 | D:2      | Reached skill level 1 in Unarmed Combat
  1254 | D:2      | Reached skill level 1 in Conjurations
  1897 | D:2      | Reached XP level 4. HP: 40/40 MP: 5/5
  2774 | D:3      | Noticed a sky beast
  2782 | D:3      | Killed a sky beast
  2783 | D:3      | Reached skill level 1 in Fighting
  2783 | D:3      | Reached XP level 5. HP: 31/48 MP: 6/6
  2903 | D:3      | Found an iron altar of Okawaru.
  2967 | D:3      | Found a radiant altar of Vehumet.
  3015 | D:3      | Became a worshipper of Vehumet
  3044 | D:3      | Found Bude's Book Boutique.
  3243 | D:3      | Noticed a water moccasin
  3256 | D:3      | Succumbed to a water moccasin's poison

Illustrated notes

Levels and vault maps discovered:
D:1:      minmay_arrival_four_loops, layout_basic,
          shapermc_ecumenical_altar_flowoftime
D:2:      layout_basic, serial_shops, shop, grunt_decor_junction
D:3:      layout_loops_corners, vehumet_crystals, mainiacjoe_overflow_paths,
          serial_shops, shop, minmay_fractal_squares_5

Skill      XL: |  1  2  3  4 |
---------------+-------------+-----
Dodging        | 2 |  2.5
Unarmed Combat | 1 2 |  2.2
Conjurations   | 1 |  1.5
Fighting       | 1 |  1.1
Stealth        | |  1.2
Spellcasting   | |  1.8
Air Magic      | |  2.5

Action                   |  1- 3 |  4- 6 || total
-------------------------+-------+-------++-------
Melee: Unarmed           |   104 |    54 ||   158
       Punch             |     1 |       ||     1
 Cast: Shock             |    31 |    33 ||    64
       Static Discharge  |       |     2 ||     2
  Use: Potion            |       |     1 ||     1
 Stab: Sleeping          |     1 |     1 ||     2
Armor: Robe              |    36 |    39 ||    75
Dodge: Dodged            |    46 |    37 ||    83

Table legend: (Time is in decaauts)
 A = Elapsed time spent in this place.
 B = Non-inter-level travel time spent in this place.
 C = Inter-level travel time spent in this place.
 D = Time resting spent in this place.
 E = Time spent auto-exploring this place.
 F = Levels seen in this place.
 G = Mean time per level.
                   A        B        C        D        E       F      G
               +--------+--------+--------+--------+--------+-----+--------+
         Total |   3253 |   3186 |     67 |    365 |   2339 |   3 | 1084.3 |
       Dungeon |   3253 |   3186 |     67 |    365 |   2339 |   3 | 1084.3 |
               +--------+--------+--------+--------+--------+-----+--------+

Top non-repeatable levels by time:
     D:2: 1405 daAuts
     D:3: 1075 daAuts
     D:1: 772 daAuts
